 Dungeon Crawl Stone Soup version 0.27.1-33-g824d729ab1 (webtiles) character file.

Game seed: 10584703009486626586

85551 zeram the Impaler (level 15, -9/98 HPs)
             Began as a Merfolk Fighter on Dec 10, 2021.
             Was an Initiate of Gozag.
             Mangled by a +2 vorpal dire flail (15 damage)
             ... on level 1 of the Elven Halls on Dec 11, 2021.
             The game lasted 01:04:44 (23826 turns).

zeram the Impaler (Merfolk Fighter)                Turns: 23826, Time: 01:04:45

Health: -9/98      AC: 19    Str: 22    XL:     15   Next: 84%
Magic:  12/23      EV: 25    Int: 17    God:    Gozag
Gold:   3017       SH: 21    Dex: 17    Spells: 20/24 levels left

rFire    . . .     SeeInvis +   l - +5 demon trident (venom)
rCold    . . .     Faith    .   c - +2 kite shield
rNeg     . . .     Spirit   .   b - +4 robe of Augmentation {Str+4 Int+4 Dex+4}
rPois    .         Reflect  +   z - +2 helmet {SInv}
rElec    .         Harm     .   j - +2 cloak {rCorr}
rCorr    +         Rampage  .   h - +2 pair of gloves
Will     +....                  (no boots)
Stlth    ++........             g - amulet of reflection
HPRegen  0.26/turn              o - +4 ring of protection
MPRegen  0.18/turn              q - +4 ring of evasion

@: about to teleport
A: (nimble swimmer 2), mertail
a: Renounce Religion, Potion Petition, Call Merchant, Bribe Branch


You were on level 1 of the Elven Halls.
You worshipped Gozag.
Gozag was most pleased with you.
You visited 7 branches of the dungeon, and saw 22 of its levels.

You collected 7602 gold pieces.
You spent 4513 gold pieces at shops.
You paid 72 gold pieces to Gozag.

Inventory:

Hand Weapons
 l - a +5 demon trident of venom (weapon)
 L - the +9 staff of Olgreb {rPois∞}
   (You found it on level 10 of the Dungeon)

   If the wielder is skilled in Evocations, they can envenom those struck by it,
   dealing poison damage which bypasses armour.
   It enhances your poison magic.
   It grants immunity to poison.
   It can be evoked to radiate toxic energy, with effectiveness depending on
   Evocations skill.
Missiles
 B - 22 poisoned darts (quivered)
Armour
 b - the +4 robe of Augmentation (worn) {Str+4 Int+4 Dex+4}
   (You bought it in a shop on level 3 of the Dungeon)

   Str:       It affects your strength (+4).
   Int:       It affects your intelligence (+4).
   Dex:       It affects your dexterity (+4).
 c - a +2 kite shield (worn)
 h - a +2 pair of gloves (worn)
 j - a +2 cloak of preservation (worn)
 z - a +2 helmet of see invisible (worn)
Jewellery
 g - an amulet of reflection (around neck)
 k - a ring of see invisible
 m - a ring of wizardry
 o - a +4 ring of protection (left hand)
 q - a +4 ring of evasion (right hand)
 r - a ring of protection from fire
 t - a ring of poison resistance
 v - an amulet of regeneration
 A - a ring of protection from cold
 D - an amulet of the acrobat
 G - the amulet of Qigoh {Acrobat rN+}
   (You found it on level 3 of the Lair of Beasts)

   [amulet of the acrobat]

   It increases your evasion while moving and waiting.
   rN:        It protects you from negative energy.
 I - a +6 ring of intelligence
Wands
 d - a wand of paralysis (23)
 p - a wand of polymorph (36)
 s - a wand of flame (67)
 y - a wand of acid (27)
 C - a wand of iceblast (7)
 K - a wand of mindburst (18)
 O - a wand of charming (8)
Scrolls
 w - 3 scrolls of magic mapping
 x - 3 scrolls of amnesia
 E - 3 scrolls of silence
 F - 2 scrolls of fog
 N - 2 scrolls of vulnerability
 P - a scroll of holy word
 T - 6 scrolls of identify
 U - 2 scrolls of fear
Potions
 a - 5 potions of lignification
 e - 4 potions of resistance
 i - 8 potions of curing
 n - 2 potions of cancellation
 u - 2 potions of brilliance
 H - a potion of mutation
 J - a potion of magic
 R - 2 potions of haste


   Skills:
 - Level 3.2 Fighting
 + Level 18.9 Polearms
 - Level 2.1 Armour
 + Level 15.1 Dodging
 - Level 15.4 Shields
 - Level 5.3 Spellcasting
 * Level 10.0 Summonings
 * Level 7.8 Ice Magic


You had 20 spell levels left.
You knew the following spells:

 Your Spells              Type           Power      Damage    Failure   Level
a - Summon Ice Beast      Ice/Summ       34%        N/A       3%          4

Your spell library contained the following spells:

 Spells                   Type           Power      Damage    Failure   Level
 Summon Small Mammal      Summ           100%       N/A       1%          1
 Call Canine Familiar     Summ           38%        N/A       1%          3
 Frozen Ramparts          Ice            62%        1d8       1%          3
 Ozocubu's Armour         Ice            31%        N/A       1%          3
 Summon Guardian Golem    Hex/Summ       21%        N/A       5%          3
 Beastly Appendage        Tmut           8%         N/A       14%         1
 Corona                   Hex            4%         N/A       14%         1
 Sting                    Tmut/Pois      16%        1d3       14%         1
 Poisonous Vapours        Pois/Air       8%         N/A       21%         2
 Static Discharge         Conj/Air       4%         N/A       21%         2
 Wereblood                Tmut           4%         N/A       21%         2
 Ice Form                 Ice/Tmut       17%        N/A       26%         4
 Ignite Poison            Fire/Tmut/Pois 4%         N/A       38%         3
 Inner Flame              Hex/Fire       4%         N/A       38%         3
 Mephitic Cloud           Conj/Pois/Air  4%         N/A       38%         3
 Spider Form              Tmut/Pois      2%         N/A       38%         3
 Freezing Cloud           Conj/Ice/Air   6%         6-21      78%         5
 Cause Fear               Hex            2%         N/A       80%         4
 Dispel Undead            Necr           4%         3d7       80%         4
 Leda's Liquefaction      Hex/Erth       2%         N/A       80%         4
 Olgreb's Toxic Radiance  Pois           4%         N/A       80%         4
 Sticky Flame             Conj/Fire      4%         2d3       80%         4
 Blade Hands              Tmut           2%         N/A       98%         5
 Bolt of Magma            Conj/Fire/Erth 2%         4d4       98%         5
 Simulacrum               Ice/Necr       8%         N/A       99%         6
 Ozocubu's Refrigeration  Ice            15%        4d8       99%         7
 Statue Form              Tmut/Erth      2%         N/A       100%        6
 Dragon Form              Tmut           2%         N/A       100%        7
 Storm Form               Tmut/Air       2%         N/A       100%        7
 Discord                  Hex            2%         N/A       100%        8
 Polar Vortex             Ice            15%        N/A       100%        9


Dungeon Overview and Level Annotations

Branches:
Dungeon (10/15)            Temple (1/1) D:7            Lair (6/6) D:9
  Swamp (1/4) Lair:4       Spider (1/4) Lair:4        Slime (0/5) Lair:5
    Orc (2/2) D:9             Elf (1/3) Orc:2

Altars:
Ashenzari
Cheibriados
Dithmenos
Elyvilon
Fedhas
Gozag
Hepliaklqana
Kikubaaqudgha
Makhleb
Nemelex Xobeh
Okawaru
Qazlal
Ru
Sif Muna
Trog
Uskayaw
Vehumet
Wu Jian
Xom
Yredelemnul
Zin
The Shining One
Beogh

Shops:
D:1 [[[(?   D:2 *   D:3 [   Orc:2 ::!*

Annotations:
D:3 1 transporter


Innate Abilities, Weirdness & Mutations

((You are quick and stealthy near water. (Stealth+, EV+, Speed+++)))
Your lower body shifts to a powerful aquatic tail in water.


Message History

Your ice beast is covered in liquid flames!
You block the +2 vorpal dire flail's attack.
Your ice beast burns!
The deep elf pyromancer gestures at you while chanting.
The sticky flame hits your ice beast!
Your ice beast melts!
As you open the door, it creaks loudly!
Your ice beast burns!
Your ice beast dies!
Your ice beast disappears in a puff of smoke!
You block the +2 vorpal dire flail's attack.
The +2 vorpal dire flail hits you but does no damage.
The +2 vorpal dire flail hits you!!
* * * LOW HITPOINT WARNING * * *
There is an open door, spattered with blood here.
Okay, then.
Okay, then.
You feel much better.
You block the +2 vorpal dire flail's attack.
Your ice beast misses the +2 vorpal dire flail.
You block the +2 vorpal dire flail's attack.
The deep elf pyromancer casts a spell at you.
The bolt of fire hits your ice beast!!!
Your ice beast melts!
Your ice beast dies!
Your ice beast disappears in a puff of smoke!
The bolt of fire hits the +2 vorpal dire flail.
The +2 vorpal dire flail resists.
The bolt of fire hits you!
* * * LOW HITPOINT WARNING * * *
You block the +2 vorpal dire flail's attack.
The +2 vorpal dire flail hits you.
* * * LOW HITPOINT WARNING * * *
x2 The +2 vorpal dire flail hits you!
* * * LOW HITPOINT WARNING * * *
x2
As you read the scroll of teleportation, it crumbles to dust.
You feel strangely unstable.
You block the +2 vorpal dire flail's attack.
The +2 vorpal dire flail hits you!
You die...
Your body crumbles into a pile of gold.

###'### ##.## #.......#.#
##.....## ##.###.⌠...⌠.#.#
#.......# ##'.#.......#.#
#.......#######..+...⌠...'.#
'.......'.e(..'..#.......###
#.......#######..#.⌠...⌠.#
#.......# ##.#.......#
##.....## ##'(####'####
#'#'#### ##.#@.....# .##.#
##.##.###### ###.# ##.###.#
# #.# ##.## #.# #.# ##.##
#.# #.# ##.## #.# #.# ##.##
#.# #.###.## #.# ##+##.##
###'###


You could see a +2 vorpal dire flail.

Vanquished Creatures
  Gastronok (D:9)
  A ghost moth (Lair:4)
  An orc warlord (Orc:1)
  The ghost of pkoi the Grappler, a journeyman DrMo of Makhleb (Lair:2)
  Snorg (D:9)
  9 hydras
  2 alligators
  3 two-headed ogres
  10 death yaks (Lair:5)
  An orc high priest (Orc:2)
  Urug (Lair:2)
  2 deep elf knights (Elf:1)
  Sonja (Lair:1)
  2 deep elf archers (Elf:1)
  A lindwurm (Lair:2)
  An orc knight (Orc:2)
  3 bog bodies (Lair:4)
  4 orc sorcerers (Orc:2)
  3 deep elf pyromancers (Elf:1)
  A wolf spider (D:10)
  7 deep elf zephyrmancers (Elf:1)
  An oklob plant (Lair:6)
  12 elephants
  10 black mambas
  A torpor snail (Lair:6)
  10 cane toads
  6 rime drakes
  Maggie (D:10)
  2 kobold demonologists
  14 komodo dragons
  2 trolls
  10 hornets
  11 polar bears
  19 dream sheep
  3 blink frogs (Lair:3)
  13 spriggans (Lair:6)
  8 redbacks
  2 wyverns
  42 yaks
  2 shadows
  A wraith (D:9)
  6 basilisks
  3 steam dragons
  2 wargs
  3 swamp worms (Lair:4)
  An acid dragon (D:8)
  19 water moccasins
  5 black bears
  29 orc warriors
  3 ice beasts
  4 ogres
  26 wolves
  A centaur (D:5)
  4 boggarts (Lair:6)
  A necrophage (D:7)
  A phantom (D:4)
  5 kobold brigands
  13 bullfrogs
  A scorpion (D:5)
  An earth elemental (Elf:1)
  A wyvern skeleton (D:7)
  10 wights
  18 killer bees
  3 electric eels
  A howler monkey (D:5)
  A bullfrog zombie (D:6)
  A lava snake (Orc:2)
  3 centaur zombies
  A jelly (D:8)
  20 orc priests
  4 hounds
  A bullfrog skeleton (D:5)
  25 orc wizards
  3 iguanas
  13 hell rats
  A killer bee zombie (D:8)
  A hound skeleton (D:4)
  A mummy (D:5)
  A howler monkey zombie (D:10)
  A gnoll (D:7)
  A howler monkey skeleton (D:6)
  4 adders
  An adder skeleton (D:5)
  2 worms (D:2)
  4 dart slugs
  65 orcs
  7 bats
  6 endoplasms
  3 giant cockroaches
  7 goblins
  5 hobgoblins
  A quokka (D:4)
  10 ball pythons
  3 frilled lizards
  A hobgoblin zombie (D:5)
  22 kobolds
  A kobold zombie (D:5)
  2 orc zombies (D:5)
  5 rats
614 creatures vanquished.

Vanquished Creatures (collateral kills)
  A hydra (Swamp:1)
  A goliath frog (Swamp:1)
  A deep elf pyromancer (Elf:1)
  A swamp drake (Swamp:1)
4 creatures vanquished.

Vanquished Creatures (others)
  A dancing weapon (Elf:1)
  An orc priest (Orc:2)
  2 orc wizards
  An orc (Orc:2)
  2 bushes
  57 fungi
  28 plants
92 creatures vanquished.

Grand Total: 710 creatures vanquished

Notes
Turn   | Place    | Note
-------+----------+-------------------------------------------
     0 | D:1      | zeram the Merfolk Fighter began the quest for the Orb.
     0 | D:1      | Reached XP level 1. HP: 18/18 MP: 1/1
    15 | D:1      | Found Qetahoha's Armour Shoppe.
   309 | D:1      | Found Gamounli's Armour Shop.
   355 | D:1      | Found Lauwi's Antique Weapon Shop.
   375 | D:1      | Reached XP level 2. HP: 24/24 MP: 2/2
   375 | D:1      | Found Veywnain's Magic Scroll Shop.
   630 | D:1      | Found Ryoveic's Armour Shop.
   735 | D:1      | Got Peec Wod's Disquisition on Unstable Hexes
   926 | D:2      | Found Sokhafagh's General Store.
   961 | D:2      | Reached XP level 3. HP: 21/29 MP: 3/3
   967 | D:2      | Reached skill level 4 in Polearms
  1259 | D:2      | Found a faded altar of an unknown god.
  1343 | D:2      | Reached XP level 4. HP: 28/35 MP: 4/4
  1646 | D:2      | Reached skill level 1 in Dodging
  1649 | D:2      | Reached skill level 5 in Polearms
  2289 | D:3      | You fall into a shaft and drop 1 floor!
  2298 | D:4      | Reached XP level 5. HP: 35/41 MP: 5/5
  2489 | D:4      | Noticed a black bear
  2496 | D:4      | Killed a black bear
  2497 | D:4      | Reached skill level 6 in Polearms
  2497 | D:4      | Reached XP level 6. HP: 34/47 MP: 6/6
  2595 | D:4      | Reached skill level 7 in Polearms
  3051 | D:5      | Entered Level 5 of the Dungeon
  3158 | D:4      | Reached skill level 8 in Polearms
  3278 | D:3      | Found a transporter.
  3283 | D:3      | Found a transporter.
  3463 | D:3      | Reached skill level 5 in Shields
  3463 | D:3      | Reached XP level 7. HP: 52/52 MP: 7/7
  3489 | D:3      | Found Faduas Luut's Antique Armour Shoppe.
  4075 | D:5      | Reached skill level 9 in Polearms
  4201 | D:5      | Found a shimmering altar of Xom.
  5292 | D:5      | Noticed a steam dragon
  5294 | D:5      | Noticed a steam dragon
  5763 | D:5      | Killed a steam dragon
  5764 | D:5      | Reached skill level 10 in Polearms
  5764 | D:5      | Reached XP level 8. HP: 31/58 MP: 8/8
  6072 | D:6      | You fall into a shaft and drop 1 floor!
  6142 | D:7      | Reached skill level 1 in Spellcasting
  6511 | D:6      | Identified a scroll of acquirement
  6511 | D:6      | Acquired 794 gold pieces
  6543 | D:7      | Found a staircase to the Ecumenical Temple.
  6604 | Temple   | Entered the Ecumenical Temple
  6799 | Temple   | Became a worshipper of Gozag Ym Sagoz the Greedy
  6993 | D:7      | Reached skill level 11 in Polearms
  7050 | D:7      | Noticed a yak
  7100 | D:7      | Killed a yak
  7101 | D:7      | Reached XP level 9. HP: 29/64 MP: 11/11
  7207 | D:7      | Noticed a kobold demonologist
  7492 | D:7      | Noticed a hellwing
  7501 | D:7      | Noticed a sun demon
  7514 | D:7      | Killed a kobold demonologist
  7515 | D:7      | Reached skill level 5 in Dodging
  7730 | D:8      | Reached skill level 12 in Polearms
  8439 | D:7      | Reached skill level 1 in Summonings
  8642 | D:1      | Bought a scroll of acquirement for 624 gold pieces
  8645 | D:1      | Acquired a +4 demon trident of venom
  8651 | D:1      | Bought a scroll of acquirement for 624 gold pieces
  8654 | D:1      | Acquired 837 gold pieces
  9130 | D:9      | Noticed a kobold demonologist
  9135 | D:9      | Noticed an orange demon
  9148 | D:8      | Noticed a rust devil
  9152 | D:8      | Killed a kobold demonologist
  9178 | D:9      | Reached XP level 10. HP: 66/70 MP: 15/15
  9486 | D:9      | Reached skill level 13 in Polearms
  9537 | D:9      | Found a staircase to the Orcish Mines.
 10145 | D:9      | Found a staircase to the Lair.
 10189 | D:9      | Noticed Gastronok
 10208 | D:9      | Killed Gastronok
 10209 | D:9      | Reached skill level 14 in Polearms
 10209 | D:9      | Reached skill level 10 in Shields
 10209 | D:9      | Reached XP level 11. HP: 60/75 MP: 16/18
 10441 | D:10     | Entered Level 10 of the Dungeon
 10441 | D:10     | Noticed a two-headed ogre
 10448 | D:10     | Killed a two-headed ogre
 10449 | D:10     | Reached skill level 5 in Spellcasting
 10495 | Orc:1    | Entered Level 1 of the Orcish Mines
 10495 | Orc:1    | Noticed Snorg
 10588 | D:9      | Killed Snorg
 10749 | Orc:2    | Entered Level 2 of the Orcish Mines
 10749 | Orc:2    | Found a staircase to the Elven Halls.
 11077 | Orc:2    | Noticed an orc knight
 11094 | Orc:2    | Noticed a two-headed ogre
 11138 | Orc:2    | Killed an orc knight
 11144 | Orc:2    | Killed a two-headed ogre
 11145 | Orc:2    | Reached skill level 5 in Summonings
 11264 | Orc:2    | Noticed an orc warlord
 11394 | Orc:1    | Killed an orc warlord
 11395 | Orc:1    | Reached XP level 12. HP: 81/81 MP: 20/20
 11814 | Orc:2    | Noticed a sun demon
 11840 | Orc:2    | Reached skill level 15 in Polearms
 11877 | Orc:2    | Noticed an orc high priest
 11889 | Orc:2    | Killed an orc high priest
 12047 | Orc:2    | Found Mezuit's Distillery.
 12047 | Orc:2    | Found Kiasil's Book Emporium.
 12048 | Orc:2    | Found Eromi's Book Emporium.
 12052 | Orc:2    | Found Qizude's General Store.
 12197 | Orc:2    | Reached skill level 10 in Dodging
 12219 | Orc:2    | Paralysed by an orc sorcerer for 4 turns
 12516 | D:3      | Bought the +4 robe of Augmentation {Str+4 Int+4 Dex+4} for
                  | 1798 gold pieces
 12516 | D:3      | Found the +4 robe of Augmentation {Str+4 Int+4 Dex+4}
 12640 | D:3      | Bought a glowing cloak for 255 gold pieces
 12861 | Orc:2    | Bought a scroll of enchant armour for 127 gold pieces
 12865 | Orc:2    | Bought a +1 helmet of see invisible for 280 gold pieces
 12982 | Lair:1   | Entered Level 1 of the Lair of Beasts
 13130 | Lair:1   | Noticed Sonja
 13218 | D:9      | Learned a level 4 spell: Summon Ice Beast
 13373 | D:10     | Found a runed translucent door.
 13378 | D:10     | Found a runed translucent gate.
 13378 | D:10     | Noticed Maggie
 13380 | D:10     | Found a runed translucent gate.
 13380 | D:10     | Found a runed translucent gate.
 13390 | D:10     | Killed Maggie
 13481 | D:10     | Found a runed translucent door.
 13485 | D:10     | Found the +9 staff of Olgreb {rPois∞}
 13581 | D:10     | Noticed a two-headed ogre
 13589 | D:10     | Killed a two-headed ogre
 14037 | D:10     | Reached XP level 13. HP: 75/86 MP: 21/21
 14095 | D:10     | Paralysed by a hornet for 3 turns
 14292 | Lair:1   | Killed Sonja
 14356 | D:9      | Reached skill level 1 in Ice Magic
 15258 | Lair:2   | Found a runed translucent gate.
 15258 | Lair:2   | Found a runed translucent gate.
 15259 | Lair:2   | Found a runed translucent gate.
 15259 | Lair:2   | Noticed pkoi's ghost (journeyman DrMo)
 15386 | Lair:2   | Reached skill level 16 in Polearms
 15690 | Lair:2   | Noticed Urug
 15697 | Lair:2   | Killed Urug
 16274 | Lair:2   | Identified the +3 leather armour "Xiwozafi" {Str+3 Int+4}
 16543 | Lair:2   | Killed pkoi's ghost
 16753 | Lair:3   | Reached XP level 14. HP: 93/93 MP: 22/22
 16889 | Lair:3   | Identified the amulet of Qigoh {Acrobat rN+}
 17895 | Lair:4   | Found a hole to the Spider Nest.
 18223 | Lair:4   | Reached skill level 15 in Shields
 18302 | Lair:4   | Found a staircase to the Swamp.
 18410 | Lair:4   | Found a radiant altar of Vehumet.
 18652 | Spider:1 | Entered Level 1 of the Spider Nest
 18652 | Spider:1 | Noticed a ghost moth
 18669 | Lair:4   | Killed a ghost moth
 19005 | Lair:5   | Reached skill level 5 in Ice Magic
 19179 | Lair:5   | Reached skill level 17 in Polearms
 19251 | Lair:5   | Found a staircase to the Slime Pits.
 19824 | Lair:6   | Entered Level 6 of the Lair of Beasts
 19924 | Lair:6   | Reached XP level 15. HP: 98/98 MP: 23/23
 20049 | Lair:6   | Identified the +5 plate armour of Veqyzud {rElec Will++
                  | Str-5 Dex+9}
 20668 | Lair:6   | Reached skill level 18 in Polearms
 21615 | D:2      | Bought 2 potions of haste for 220 gold pieces
 21615 | D:2      | Bought a scroll of teleportation for 33 gold pieces
 21811 | Orc:2    | Bought a potion of heal wounds for 70 gold pieces
 21811 | Orc:2    | Bought a potion of curing for 42 gold pieces
 21811 | Orc:2    | Bought a potion of heal wounds for 70 gold pieces
 21811 | Orc:2    | Bought a potion of heal wounds for 70 gold pieces
 21811 | Orc:2    | Bought a potion of curing for 42 gold pieces
 21811 | Orc:2    | Bought a potion of curing for 42 gold pieces
 22044 | D:1      | Bought 3 scrolls of identify for 72 gold pieces
 22044 | D:1      | Bought a scroll of fear for 42 gold pieces
 22044 | D:1      | Bought a scroll of identify for 24 gold pieces
 22044 | D:1      | Bought a scroll of fear for 42 gold pieces
 22044 | D:1      | Bought a scroll of teleportation for 36 gold pieces
 22300 | Swamp:1  | Entered Level 1 of the Swamp
 22595 | Elf:1    | Entered Level 1 of the Elven Halls
 22941 | Elf:1    | Reached skill level 15 in Dodging
 23195 | Elf:1    | Identified the +1 robe of Culaidgho {rPois}
 23762 | Elf:1    | Reached skill level 10 in Summonings
 23826 | Elf:1    | Mangled by a +2 vorpal dire flail

Illustrated notes

Levels and vault maps discovered:
D:1:      psy_arrival_basics, layout_rooms, serial_shops, nicolae_shop_crystal,
          nicolae_shop_crystal, nicolae_shop_statue_plus, shop,
          nicolae_shop_crystal, st_stairs_1,
          hangedman_abyss_or_decor_lesser_grid
D:2:      minmay_wonky_spiral, layout_basic, serial_shops, shop,
          hellmonk_ecumenical_altar_blasted
D:3:      gammafunk_steamed_eel, layout_rooms, serial_shops,
          nicolae_lakefront_shop
D:4:      layout_cave_pools
D:5:      kennysheep_steamy, layout_layer_cave, lemuel_doored_altar,
          portal_sewer_entry_d, minmay_mini_ossuary
D:6:      layout_basic
D:7:      kennysheep_six_static_rooms, layout_cave_pools,
          minmay_temple_entry_sparse_star, amcnicky_mini_pool_small
D:8:      layout_loops_corners
D:9:      layout_stronghold, lair_entry_dummy, david_orc_5, uniq_gastronok
D:10:     layout_long_grid, minmay_guarded_unrand_staff_of_olgreb, uniq_maggie
Temple:   minmay_crystal_snake_temple
Lair:1:   layout_regular_city, minivault_27, grunt_megastairs_2, uniq_sonja
Lair:2:   layout_loops_ring, gammafunk_ghost_split, minivault_27,
          minmay_shattered_shrine, uniq_urug
Lair:3:   layout_cave_pods, serial_bayou_shore_a
Lair:4:   layout_long_grid, nicolae_swamp_entry_splash_gauntlet,
          spider_nest_entry_web_field, basic_altar
Lair:5:   layout_concentric_octagons, slime_dummy, grunt_megastairs_4
Lair:6:   minmay_lair_end_enchanted_forest, layout_concentric_octagons,
          serial_bayou_lake_a
Swamp:1:  layout_basic_swamp, evilmike_swamp_ruin_house_2, swamp_pool1
Spider:1: layout_spider_delve, ebering_ghost_xom
Orc:1:    layout_caves, serial_shops, shop_scrolls, uniq_snorg
Orc:2:    st_orc_mages, layout_caves, nicolae_orc_lava_tube
Elf:1:    eino_elf_arrival_the_gate, layout_geoelf_grid,
          hangedman_elven_crosses_minicolossus, minmay_fountain_box,
          grunt_ministairs_4

Skill      XL: |  1  2  3  4  5  6  7  8  9 10 11 12 13 14 15 |
---------------+----------------------------------------------+-----
Polearms       | 4 5 6 8 10 11 12 14 15 16 17 18 | 18.9
Shields        | 4 5 6 8 10 11 13 14 15 | 15.4
Dodging        | 1 2 3 4 6 8 9 10 12 13 15 | 15.1
Spellcasting   | 1 3 4 5 |  5.3
Summonings     | 2 4 5 6 7 9 10 | 10.0
Ice Magic      | 3 6 7 |  7.8
Fighting       | |  3.2
Armour         | |  2.1

Action                   |  1- 3 |  4- 6 |  7- 9 | 10-12 | 13-15 || total
-------------------------+-------+-------+-------+-------+-------++-------
Melee: Trident           |   107 |   134 |   481 |       |       ||   722
       Demon trident     |       |       |    27 |   795 |  1513 ||  2335
       Tailslap          |       |       |       |       |     3 ||     3
 Cast: Summon Ice Beast  |       |       |       |       |    19 ||    19
  Use: Scroll            |       |     5 |    15 |     6 |    10 ||    36
       Potion            |       |     1 |     8 |     6 |    12 ||    27
 Stab: Sleeping          |       |       |     2 |     1 |     8 ||    11
       Distracted        |       |       |     1 |     3 |    11 ||    15
       Invisible         |       |       |       |       |     6 ||     6
Armor: Scale mail        |    50 |    46 |    48 |       |       ||   144
       Steam dragon scal |       |       |    91 |    72 |       ||   163
       Skin              |       |       |    57 |       |       ||    57
       Robe              |       |       |       |    22 |   206 ||   228
Dodge: Dodged            |    23 |    33 |   246 |   361 |   731 ||  1394
Block: Kite shield       |    59 |    61 |   246 |   360 |   739 ||  1465
       Reflection        |       |       |       |       |     2 ||     2
